 Dungeon Crawl Stone Soup version 0.31.0-12-g77e489cdc1 (webtiles) character file.

Game seed: 16851173608891173314

90073 ANNNA the Severer (level 15, -20/141 HPs)
             Began as a Minotaur Berserker on Feb 19, 2024.
             Was an Elder of Trog.
             Killed from afar by Bai Suzhen (45 damage)
             ... with a torrent of water
             ... on level 3 of the Swamp.
             The game lasted 01:07:13 (21373 turns).

ANNNA the Severer (Minotaur Berserker)             Turns: 21373, Time: 01:07:15

Health: -20/141    AC: 29    Str: 32    XL:     15   Next: 51%
Magic:  17/17      EV: 15    Int:  4    God:    Trog [****..]
Gold:   2526       SH: 12    Dex: 17    Spells: 14/14 levels left

rFire   . . .        y - +3 war axe (heavy)
rCold   . . .        m - +0 kite shield
rNeg    . . .        X - +2 plate armour {rPois}
rPois   +            (helmet restricted)
rElec   .            R - +2 cloak of Ashenzari's Envy {Regen+}
rCorr   .            k - +0 pair of gloves of Shielding {Rampage *Slow +Inv Str+4}
SInv    .            A - +0 pair of boots
Will    +++..        p - amulet of regeneration Stlth
                     B - +4 ring of protection
HPRegen 3.03/turn    H - +6 ring of dexterity
MPRegen 0.15/turn

%: slow self (1%), rampage
@: about to teleport, strong-willed, on berserk cooldown, regenerating, slowed,
studying Axes, very slow
A: horns 2, retaliatory headbutt
a: Renounce Religion, Evoke Invisibility, Berserk, Trog's Hand, Brothers in Arms


You were on level 3 of the Swamp.
You worshipped Trog.
Trog was greatly pleased with you.
You visited 4 branches of the dungeon, and saw 23 of its levels.
You also visited: Bailey.

You collected 2650 gold pieces.
You spent 124 gold pieces at shops.

Inventory:

Hand Weapons
 y - a +3 heavy war axe (weapon)
Missiles
 e - 101 stones (quivered)
 q - 9 javelins
 J - 2 curare-tipped darts
Armour
 k - the +0 pair of gloves of Shielding (worn) {Rampage *Slow +Inv Str+4}
   (You found it on level 1 of the Swamp)

   Str+4:     It affects your strength (+4).
   +Inv:      It lets you turn invisible.
   *Slow:     It may slow you when you take damage.
   Rampage:   It bestows one free step when moving towards enemies.
 m - a +0 kite shield (worn)
 A - a +0 pair of boots (worn)
 G - a +1 cloak
 R - the +2 cloak of Ashenzari's Envy (worn) {Regen+}
   (You found it in a bailey)

   Regen+:    It increases your rate of health regeneration.
 S - the +5 plate armour of the Shoals {Regen+ Dex+3 Slay+2}
   (You found it on level 1 of the Lair of Beasts)

   Dex+3:     It affects your dexterity (+3).
   Slay+2:    It affects your accuracy & damage with ranged weapons and melee
   (+2).
   Regen+:    It increases your rate of health regeneration.
 X - a +2 plate armour of poison resistance (worn)
Jewellery
 p - an amulet of regeneration (around neck)
 s - a ring of ice
 B - a +4 ring of protection (left hand)
 E - a ring of positive energy
 H - a +6 ring of dexterity (right hand)
 Q - a ring of protection from fire
Wands
 g - a wand of polymorph (6)
 r - a wand of flame (15)
 F - a wand of roots (37)
 V - a wand of charming (22)
Scrolls
 c - 3 scrolls of teleportation
 d - 4 scrolls of torment
 f - a scroll of silence {unknown}
 h - 8 scrolls of fog
 i - a scroll of immolation
 v - a scroll of brand weapon
 z - 3 scrolls of fear
 C - 5 scrolls of enchant weapon
 I - a scroll of vulnerability {unknown}
 L - a scroll of summoning
 M - 2 scrolls of enchant armour
 O - 3 scrolls of poison
Potions
 a - 3 potions of mutation
 b - 8 potions of haste
 j - a potion of lignification {unknown}
 l - 5 potions of curing
 n - 2 potions of brilliance {unknown}
 o - 2 potions of heal wounds
 t - 2 potions of berserk rage {unknown}
 u - 2 potions of might {unknown}
 w - 3 potions of ambrosia
 x - a potion of enlightenment {unknown}
 D - a potion of cancellation {unknown}
 K - 2 potions of resistance {unknown}
 P - 2 potions of invisibility {unknown}


   Skills:
 * Level 15.3 Fighting
 * Level 15.6 Axes
 * Level 15.1 Armour
 * Level 13.9 Dodging
 + Level 8.3 Stealth
 + Level 10.7 Shields
 - Level 4.0 Invocations


You had 14 spell levels left.
You didn't know any spells.
Your spell library was empty.

Dungeon Overview and Level Annotations

Branches:
Dungeon (14/15) Temple (0/1) D:7 Lair (3/5) D:8 Swamp (4/4) Lair:3 Snake (0/4) Lair:2 Orc (2/2) D:10 Elf (0/3) Orc:2 Vaults (0/5) D:13 D:14 Bailey (visited)

Altars:
Dithmenos
Gozag
Makhleb
Vehumet
Wu Jian
Xom
The Shining One

Shops:
D:2 :(!=(   D:7 (   D:13 (   Orc:2 [*[!*

Annotations:
D:13 2 transporters, Wemm's ghost, journeyman SpEn
Lair:3 2 transporters, Doomgape's ghost, journeyman GrFi
Swamp:3 Bai Suzhen


Innate Abilities, Weirdness & Mutations

You have a pair of horns on your head.
You reflexively headbutt those who attack you in melee.


Message History

The torrent of water hits you!!
* * * LOW HITPOINT WARNING * * *
You are knocked back by the torrent of water.
The wave splashes down.
Splash!
You fall into the shallow water.
Moving in this stuff is going to be slow.
Okay, then.
You feel better.
A red film seems to cover your vision as you go berserk!
You feel yourself moving faster!
You feel mighty!
You are engulfed in a thunderstorm.
* * * LOW HITPOINT WARNING * * *
Bai Suzhen closely misses you. You furiously retaliate!
You headbutt Bai Suzhen! You block Bai Suzhen's attack.
Bai Suzhen tramples you but does no damage.
Your unstable footing causes you to fumble your attack.
Bai Suzhen breathes water at you. The torrent of water hits you!!
* * * LOW HITPOINT WARNING * * *
You are knocked back by the torrent of water.
The wave splashes down.
Splash!
You fall into the shallow water.
Moving in this stuff is going to be slow.
Okay, then.
You enter the shallow water.
Moving in this stuff is going to be slow.
You feel a strong urge to attack something.
You feel your anger nearly subside.
You are no longer berserk.
You are exhausted.
You feel yourself slow down.
Press: ? - help, v - describe, . - travel
Here: Bai Suzhen (moderately wounded, surrounded by thunder)
The floor.
As you read the scroll of teleportation, it crumbles to dust.
You feel strangely unstable. Bai Suzhen breathes water at you.
The torrent of water hits you!!!
You die...

♣♣..#...♣♣ ♣~~...~~.~~.........~
~...#....♣♣♣♣.~~§.♣♣..>♣♣♣♣♣~.~~♣
....[†....♣♣~~§~§.♣♣♣♣♣♣ ♣.~.♣♣
#######.#.##.~~~~.♣♣ ♣..♣♣
#.##.##.#####~§~~~.♣♣♣ ♣♣♣♣
....#.....~~~~~~~~~~.♣♣
~...##...~~~~~§~~~~~~.♣♣♣
~~..##...~~~~~~~~~§§~§~~♣
~~~.##..~.~~~~~~@.§D§§§§♣
~~.§##~~.....~~~~§§§~~~♣♣
~.~♣.#♣♣♣♣♣~..~~~~....~♣♣ ♣♣♣♣#♣
♣♣♣~..~....~~.♣♣
♣♣♣♣....~§..~~~.♣
♣♣~~.~~..~§~.~~~~♣
♣♣♣♣♣.~~~~...~§...~.♣♣
♣.~~:~.~~~~..~....♣♣♣
♣.~~♣♣~.~~~...♣~.♣♣


You could see Bai Suzhen (clouds, catching breath).

Vanquished Creatures
  Rupert (D:12)
  A tentacled monstrosity (Swamp:4)
  A thorn hunter (Swamp:3)
  A fenstrider witch (Swamp:3)
  An orc warlord (D:10)
  The ghost of mihai the Protected, a journeyman MiFi of the Shining One (Orc:2)
  4 eleionomae
  4 bunyips
  An ogre mage (Orc:2)
  2 ghost crabs
  7 hydras
  3 alligators
  2 boulder beetles (D:12)
  5 two-headed ogres
  Erica (Orc:1)
  3 centaur warriors (D:13)
  A vampire mage (Swamp:1)
  Nergalle (D:11)
  Lodul (D:14)
  7 goliath frogs
  A spriggan druid (Swamp:2)
  4 swamp dragons
  A bog body (Swamp:2)
  6 orc knights
  A deep elf pyromancer (D:13)
  A wolf spider (D:13)
  A harpy (shapeshifter) (D:13)
  5 cyclopes
  A salamander (Lair:2)
  3 will-o-the-wisps
  A manticore (D:14)
  An ugly thing (D:11)
  An orc sorcerer (Orc:2)
  3 kobold blastminers (Orc:2)
  A meliai (D:12)
  6 elephants (Lair:2)
  Joseph (D:7)
  2 black mambas
  A torpor snail (Lair:3)
  A cane toad (shapeshifter) (D:14)
  2 gargoyles
  8 cane toads
  5 komodo dragons
  10 trolls
  7 tyrant leeches
  Grinder (D:3)
  6 dream sheep (Lair:3)
  8 hornets
  11 blink frogs
  Sigmund (D:2)
  9 spriggans
  A wraith (D:11)
  4 vampires
  4 wyverns
  19 yaks
  4 basilisks
  16 humans (D:13)
  7 wargs
  15 vampire mosquitoes
  A steam dragon (D:6)
  17 swamp worms
  3 acid dragons
  8 water moccasins
  A black bear (Lair:1)
  3 sky beasts
  2 swamp drakes
  39 orc warriors
  2 ice beasts
  14 ogres
  4 wolves (Lair:1)
  18 centaurs
  A phantom (D:5)
  5 kobold brigands
  Blork the orc (D:4)
  8 bullfrogs
  A gnoll sergeant (D:7)
  2 scorpions (D:6)
  12 wights
  16 killer bees
  6 howler monkeys
  7 vampire bats (Bailey)
  7 wolf zombies (Bailey)
  6 electric eels
  A crimson imp (D:6)
  3 lava snakes (Lair:2)
  A jelly (D:7)
  A gnoll bouda (D:7)
  9 orc priests
  4 hounds
  A sleepcap (D:7)
  3 iguanas
  18 orc wizards
  Terence (D:3)
  6 adders
  9 gnolls
  A shadow imp (D:7)
  2 dart slugs
  64 orcs
  9 ball pythons
  5 bats
  13 endoplasms
  2 giant cockroaches
  11 goblins
  5 hobgoblins
  7 jackals
  26 kobolds
  5 quokkas
  3 frilled lizards
  21 orc zombies (Bailey)
  4 rats
647 creatures vanquished.

Vanquished Creatures (collateral kills)
  A tentacled monstrosity (Swamp:1)
  An orc warlord (Orc:1)
  A centaur (D:10)
  A goblin (D:10)
4 creatures vanquished.

Vanquished Creatures (others)
  3 bloated husks
  An ice beast (D:6)
  18 foxfires
22 creatures vanquished.

Grand Total: 673 creatures vanquished

Notes
Turn   | Place    | Note
-------+----------+-------------------------------------------
     0 | D:1      | ANNNA the Minotaur Berserker began the quest for the Orb.
     0 | D:1      | Reached XP level 1. HP: 19/19 MP: 0/0
    49 | D:1      | Reached XP level 2. HP: 27/27 MP: 1/1
   736 | D:2      | Reached XP level 3. HP: 30/33 MP: 2/2
   804 | D:2      | Reached ** piety under Trog
   858 | D:2      | Found Jisexid's Weapon Boutique.
   973 | D:2      | Found Vynout's Jewellery Shoppe.
  1223 | D:2      | Found Yvaawn's Distillery.
  1233 | D:2      | Found Poniar's Book Boutique.
  1252 | D:2      | Reached XP level 4. HP: 40/40 MP: 3/3
  1295 | D:2      | Found Gyisef's Antique Weapon Shoppe.
  1299 | D:2      | Reached skill level 1 in Shields
  1477 | D:2      | Noticed Sigmund
  1484 | D:2      | Killed Sigmund
  1485 | D:2      | Reached skill level 1 in Stealth
  1485 | D:2      | Reached skill level 1 in Invocations
  1485 | D:2      | Reached XP level 5. HP: 47/47 MP: 3/5
  1615 | D:3      | Found a radiant altar of Vehumet.
  1843 | D:3      | Identified the +10 scale mail of the Tundras {Rampage}
  1876 | D:3      | Noticed Terence
  1882 | D:3      | Noticed Grinder
  1883 | D:3      | Killed Terence
  1884 | D:3      | Reached XP level 6. HP: 55/55 MP: 6/6
  1892 | D:3      | Paralysed by Grinder for 3 turns
  1898 | D:3      | Paralysed by Grinder for 3 turns
  1904 | D:3      | Killed Grinder
  1905 | D:3      | Reached skill level 5 in Fighting
  1905 | D:3      | Reached skill level 5 in Axes
  2239 | D:3      | Found a faded altar of an unknown god.
  2418 | D:4      | Reached XP level 7. HP: 58/61 MP: 7/7
  2502 | D:4      | Noticed Blork the orc
  2514 | D:4      | Killed Blork the orc
  2817 | D:4      | Reached *** piety under Trog
  3211 | D:3      | Found an ornate altar of the Wu Jian Council.
  3473 | D:5      | Entered Level 5 of the Dungeon
  3500 | D:5      | Reached skill level 5 in Armour
  3581 | D:5      | Reached XP level 8. HP: 70/70 MP: 8/8
  3834 | D:5      | Reached skill level 5 in Dodging
  4302 | D:6      | Found a glowing golden altar of the Shining One.
  4426 | D:6      | Found a burning altar of Makhleb.
  4427 | D:6      | Found a shimmering altar of Xom.
  4622 | D:6      | Identified the +0 leather armour "Tiragrec" {rF- rCorr
                  | Str+3}
  4710 | D:7      | Reached XP level 9. HP: 79/79 MP: 10/10
  4991 | D:7      | Reached **** piety under Trog
  5071 | D:7      | Found a staircase to the Ecumenical Temple.
  5175 | D:7      | Noticed Joseph
  5192 | D:7      | Killed Joseph
  5570 | D:7      | Found Feajocru's Weapon Boutique.
  5670 | D:8      | Found a staircase to the Lair.
  5670 | D:8      | Noticed a komodo dragon
  5681 | D:8      | Killed a komodo dragon
  5811 | D:8      | Reached XP level 10. HP: 86/88 MP: 12/12
  6079 | D:8      | Reached skill level 5 in Shields
  7060 | D:9      | Noticed a two-headed ogre
  7069 | D:9      | Killed a two-headed ogre
  7779 | D:9      | Found an opulent altar of Gozag.
  7784 | D:9      | Found a shadowy altar of Dithmenos.
  7845 | D:10     | Entered Level 10 of the Dungeon
  7884 | D:10     | Reached ***** piety under Trog
  7905 | D:10     | Found a staircase to the Orcish Mines.
  8081 | D:10     | Found a flagged portal.
  8093 | Bailey   | Entered a bailey
  8369 | Bailey   | Identified the +2 cloak of Ashenzari's Envy {Regen+}
  8394 | Bailey   | Noticed a gargoyle
  8401 | Bailey   | Killed a gargoyle
  8557 | Bailey   | Reached XP level 11. HP: 99/99 MP: 13/13
  8658 | Orc:1    | Entered Level 1 of the Orcish Mines
  8662 | Orc:1    | Noticed an orc warlord
  8663 | Orc:1    | Noticed an orc knight
  8793 | D:10     | Killed an orc warlord
  8794 | D:10     | Reached skill level 10 in Fighting
  8867 | D:10     | Reached skill level 5 in Stealth
  8877 | D:10     | Killed an orc knight
  8878 | D:10     | Reached skill level 10 in Axes
  9191 | Orc:1    | Noticed Erica
  9502 | Orc:1    | Killed Erica
  9661 | Orc:1    | Reached skill level 10 in Armour
  9968 | Orc:2    | Entered Level 2 of the Orcish Mines
  9970 | Orc:2    | Noticed an orc sorcerer
  9974 | Orc:2    | Killed an orc sorcerer
 10010 | Orc:2    | Noticed an orc warlord
 10040 | Orc:2    | Found a staircase to the Elven Halls.
 10280 | Orc:2    | Found a runed translucent gate.
 10281 | Orc:2    | Found a runed translucent gate.
 10282 | Orc:2    | Found a runed translucent gate.
 10282 | Orc:2    | Found an opulent altar of Gozag.
 10310 | Orc:2    | Noticed mihai's ghost (journeyman MiFi)
 10310 | Orc:2    | Noticed an orc knight
 10314 | Orc:2    | Found Qithomam's Assorted Antiques.
 10318 | Orc:2    | Noticed an orc knight
 10696 | Orc:2    | Killed an orc knight
 10721 | Orc:2    | Noticed an orc knight
 10737 | Orc:2    | Killed an orc knight
 10738 | Orc:2    | Reached XP level 12. HP: 110/110 MP: 14/14
 10860 | Orc:1    | Killed an orc warlord
 11130 | Orc:2    | Reached skill level 10 in Dodging
 11169 | Orc:2    | Noticed an ogre mage
 11180 | Orc:2    | Killed an ogre mage
 11492 | Orc:2    | Found Idadugal's Assorted Antiques.
 11492 | Orc:2    | Found Varphu's Armour Shop.
 11495 | Orc:2    | Found Symod's Distillery.
 11518 | Orc:2    | Found Fegg's Antique Armour Shoppe.
 11771 | Orc:2    | Killed mihai's ghost
 11838 | Orc:2    | Bought a scroll of identify for 72 gold pieces
 11865 | Orc:2    | Bought a scroll of identify for 52 gold pieces
 12012 | D:11     | Received a gift from Trog
 12099 | D:11     | Noticed a two-headed ogre
 12266 | D:11     | Killed a two-headed ogre
 12437 | D:11     | Noticed Nergalle
 12449 | D:11     | Killed Nergalle
 12979 | D:12     | Noticed Rupert
 13026 | D:12     | Noticed a two-headed ogre
 13033 | D:12     | Killed a two-headed ogre
 13167 | D:12     | Paralysed by Rupert for 3 turns
 13185 | D:12     | Killed Rupert
 13186 | D:12     | Reached XP level 13. HP: 118/118 MP: 15/15
 14044 | D:13     | Found a transporter.
 14062 | D:13     | Noticed Wemm's ghost (journeyman SpEn)
 14214 | D:13     | Found Moclovump's Weapon Boutique.
 14575 | D:13     | Found a transporter.
 14948 | D:14     | Noticed Lodul
 14948 | D:14     | Found a gate to the Vaults.
 15084 | D:14     | Killed Lodul
 15305 | Lair:1   | Entered Level 1 of the Lair of Beasts
 15322 | Lair:1   | Identified the +5 plate armour of the Shoals {Regen+ Dex+3
                  | Slay+2}
 15390 | Lair:1   | Reached XP level 14. HP: 129/129 MP: 16/16
 16387 | Lair:2   | Found a staircase to the Snake Pit.
 17283 | Lair:3   | Identified the +7 spear of the Evil Eye {spect, ^Drain rN+
                  | Dex+3}
 17473 | Lair:3   | Found a transporter.
 17541 | Lair:3   | Noticed Doomgape's ghost (journeyman GrFi)
 17547 | Lair:3   | Found a transporter.
 17616 | Lair:3   | Found a staircase to the Swamp.
 18237 | Swamp:1  | Entered Level 1 of the Swamp
 18590 | Swamp:1  | Noticed a tentacled monstrosity
 18602 | Swamp:1  | Killed a tentacled monstrosity
 18741 | Swamp:1  | Reached skill level 10 in Shields
 18945 | Swamp:1  | Identified the +0 pair of gloves of Shielding {Rampage
                  | *Slow +Inv Str+4}
 19542 | Swamp:2  | Reached XP level 15. HP: 129/139 MP: 17/17
 20134 | Swamp:2  | Identified a scroll of acquirement
 20167 | Swamp:3  | Acquired a manual of Axes
 20227 | Swamp:3  | Received a gift from Trog
 20259 | Swamp:3  | Reached skill level 15 in Axes
 20300 | Swamp:3  | Identified the scarf of Tynipt {harm, rF+ rCorr Int-5}
 20357 | Swamp:3  | Reached skill level 15 in Fighting
 20358 | Swamp:3  | Noticed a fenstrider witch
 20371 | Swamp:3  | Killed a fenstrider witch
 20526 | Swamp:3  | Noticed a thorn hunter
 20536 | Swamp:3  | Killed a thorn hunter
 20727 | Swamp:4  | Entered Level 4 of the Swamp
 20751 | Swamp:4  | Reached skill level 15 in Armour
 21208 | Swamp:4  | Noticed a tentacled monstrosity
 21219 | Swamp:4  | Killed a tentacled monstrosity
 21223 | Swamp:4  | Noticed Bai Suzhen
 21373 | Swamp:3  | Killed from afar by Bai Suzhen

Illustrated notes

Levels and vault maps discovered:
D:1:      amcnicky_arrival_blooded_trapdoor, layout_loops_ring
D:2:      layout_rooms, serial_shops, nicolae_shop_waterfront, shop, shop, shop,
          nicolae_shop_crystal, kennysheep_cross_room, amcnicky_mini_pool_small,
          st_stairs_14, kennysheep_potato, uniq_sigmund
D:3:      layout_basic, mainiacjoe_overflow_boulevard,
          nicolae_overflow_ecumenical_swirl, minivault_19, uniq_grinder,
          uniq_terence
D:4:      layout_basic, uniq_blork_the_orc
D:5:      layout_basic, minmay_misc_feat_rugged
D:6:      layout_basic, grunt_temple_overflow_champion_of_chaos,
          mainiacjoe_overflow_six_doors_small
D:7:      layout_rooms, minmay_temple_entry_glass, serial_shops,
          kennysheep_mini_moat, minmay_misc_feat_nine_boxes,
          kennysheep_generic_room_6, uniq_joseph
D:8:      layout_cave_pods, david_lair_shrubbed
D:9:      layout_long_grid, minitemple
D:10:     layout_cross, enter_bailey_5
D:11:     layout_basic, uniq_nergalle
D:12:     minmay_the_grid_octo_tiled_squarecenter
          [minmay_the_grid_octo_pinwheel, minmay_the_grid_octo_fat_diamond,
          minmay_the_grid_octo_concentric, minmay_the_grid_octo_odd_swirl,
          minmay_the_grid_square_5x5_megaprize_hollow,
          minmay_the_grid_square_5x5_lines,
          minmay_the_grid_square_5x5_doubleslash,
          minmay_the_grid_square_5x5_six_small,
          minmay_the_grid_square_5x5_two_small], layout_gridville, uniq_rupert
D:13:     layout_stronghold, serial_shops, shop,
          gammafunk_ghost_berserking_beasts
D:14:     layout_cave_pools, david_vaults_3, nicolae_hepliaklqana_hippocampus,
          ebering_ghost_xom, nicolae_figureground_pulse
Lair:1:   layout_layer_cave, nicolae_lair_grove_arrangements, st_stairs_3,
          lemuel_fruit_tree, serial_bayou_shore_b
Lair:2:   layout_small_grid, nicolae_snake_entry_warm_welcome,
          small_statue_intersection, minmay_holes, infiniplex_staircase_pool
Lair:3:   layout_roguey, minmay_swamp_entry_eels, gammafunk_ghost_abyssal_escape
Swamp:1:  layout_falls_marsh, nicolae_swamp_little_swirl, swamp_pool_1_2,
          cheibrodos_swamp_pet_leeches, infiniplex_staircase_pool_2
Swamp:2:  layout_basic_swamp, nicolae_swamp_triple_paths, swamp_pool_4,
          nicolae_swamp_decorative_isthmus
Swamp:3:  layout_basic_swamp, evilmike_swamp_ruin_wall, swamp_pool_1_2
Swamp:4:  swamp, layout_basic_swamp, uniq_bai_suzhen
Orc:1:    layout_caves, uniq_erica
Orc:2:    st_orc_rangers, layout_caves, ebering_ghost_gozag, mines4_lemuel

Skill      XL: |  1  2  3  4  5  6  7  8  9 10 11 12 13 14 15 |
---------------+----------------------------------------------+-----
Fighting       | 4 5 6 7 8 9 11 12 13 14 15 | 15.3
Axes           | 4 5 6 7 8 9 10 12 13 14 15 | 15.6
Armour         | 3 4 5 6 7 9 10 12 13 14 15 | 15.1
Shields        | 1 2 3 4 6 7 8 9 10 | 10.7
Dodging        | 3 4 5 7 8 9 11 12 13 | 13.9
Stealth        | 1 2 3 4 5 6 7 8 |  8.3
Invocations    | 1 2 3 4 |  4.0

Action                     |  1- 3 |  4- 6 |  7- 9 | 10-12 | 13-15 || total
---------------------------+-------+-------+-------+-------+-------++-------
  Melee: Hand axe          |    76 |       |       |       |       ||    76
         Headbutt          |     9 |     9 |    44 |   130 |   167 ||   359
         War axe           |     2 |    46 |   272 |   396 |   651 ||  1367
         Punch             |       |       |     2 |       |       ||     2
         Broad axe         |       |       |       |   300 |       ||   300
  Throw: Stone             |     4 |     4 |       |    20 |    17 ||    45
         Dart              |       |       |       |     5 |     2 ||     7
 Invoke: Berserk           |       |     2 |       |     9 |     5 ||    16
         Trog's Hand       |       |     1 |     1 |     9 |    11 ||    22
         Brothers in Arms  |       |       |       |     4 |     3 ||     7
  Evoke: Wand              |       |       |       |    22 |    13 ||    35
    Use: Scroll            |       |       |       |    12 |    19 ||    31
         Potion            |       |       |       |       |     4 ||     4
   Stab: Sleeping          |     1 |       |       |     2 |       ||     3
 Armour: Animal skin       |    31 |       |       |       |       ||    31
         Ring mail         |     5 |     8 |       |       |       ||    13
         Scale mail        |       |    17 |   245 |   449 |       ||   711
         Plate armour      |       |       |       |   237 |   929 ||  1166
  Dodge: Dodged            |    42 |    23 |   188 |   600 |   514 ||  1367
  Block: Buckler           |       |       |    15 |   188 |       ||   203
         Kite shield       |       |       |       |   260 |   574 ||   834
